Map: 匹昂台地

Players

misfitmike - Winner!

  • Race: Zerg Zerg
  • League: Gold

shengy

  • Race: Zerg Zerg
  • League: Platinum

VOD

Have the link to the VOD?

Description

Time

  • Played on: Dec. 24, 2015, 4:07 p.m.
  • Length: 14:22
Show
View Real Time Build Order
Export as new Build Order

misfitmike Zerg - Winner!

Build Orders: Pool First 

Get SALT Encoding   

  12  0:00  Drone  
  13  0:08  Drone  
  14  0:17  Overlord  
  14  0:24  Drone, Extractor  
  15  0:37  Drone x2  
  15  0:39  Extractor  
  16  0:48  Spawning Pool  
  15  0:51  Drone  
  15  0:56  Drone  
  17  1:06  Drone  
  18  1:26  Hatchery  
  17  1:35  Zergling x4  
  19  1:42  Metabolic Boost  
  19  1:47  Drone  
  19  1:49  Drone  
  21  2:01  Drone  
  22  2:12  Overlord  
  22  2:22  Baneling Nest  
  21  2:23  Drone  
  22  2:34  Drone  
  22  2:46  Queen x2, Drone x2  
  28  2:52  Drone  
  28  2:53  Drone  
  30  3:13  Baneling  
  30  3:14  Baneling  
  30  3:15  Zergling x8  
  34  3:22  Overlord  
  34  3:52  Drone  
  34  3:53  Drone  
  36  3:57  Roach Warren  
  35  4:03  Drone  
  35  4:04  Overlord x2  
  35  4:09  Baneling  
  36  4:11  Baneling  
  36  4:13  Baneling  
  36  4:37  Baneling  
  36  4:38  Roach  
  38  4:39  Roach x7  
  51  4:48  Overlord x3  
  51  4:58  Spine Crawler  
  50  5:09  Drone x5  
  50  5:10  Drone x5  
  60  5:16  Extractor  
  60  5:21  Ravager x2  
  59  5:56  Roach  
  59  5:57  Roach x4  
  69  6:01  Extractor  
  69  6:03  Extractor  
  67  6:08  Drone x4  
  67  6:10  Drone  
  67  6:11  Drone x2  
  74  6:27  Lair  
  74  6:32  Evolution Chamber  
  73  6:33  Evolution Chamber  
  73  6:37  Drone x2  
  73  6:38  Roach  
  76  6:40  Overlord  
  76  6:41  Overlord x2  
  76  7:06  Zerg Missile Weapons Level 1  
  76  7:07  Zerg Ground Armor Level 1  
  76  7:10  Drone x2  
  76  7:11  Drone  
  76  7:13  Roach x3  
  76  7:14  Roach x3  
  91  7:26  Hydralisk Den  
  91  7:28  Overseer  
  90  7:31  Roach x3  
  90  7:32  Roach  
  98  7:37  Overlord  
  98  7:41  Overlord  
  98  7:42  Overlord x3  
  98  8:09  Hydralisk  
  98  8:10  Hydralisk x4  
  108  8:15  Roach x2  
  112  8:27  Muscular Augments  
  112  8:28  Hatchery  
  111  8:40  Zergling x2  
  111  8:41  Zergling x18  
  107  9:09  Roach  
  117  9:10  Roach x6  
  110  9:27  Zergling x8  
  110  9:28  Zergling x2  
  111  9:32  Zerg Missile Weapons Level 2  
  111  9:33  Zerg Ground Armor Level 2  
  111  9:36  Infestation Pit  
  110  9:42  Queen  
  110  9:45  Drone x4  
  116  9:56  Drone x3  
  116  9:59  Drone  
  120  10:10  Roach  
  120  10:11  Hydralisk x5, Roach  
  134  10:15  Extractor  
  134  10:17  Extractor, Drone  
  133  10:27  Roach x3  
  139  10:28  Overlord  
  139  10:29  Overlord  
  139  10:38  Glial Reconstitution  
  139  10:39  Drone x2  
  139  10:40  Drone, Overlord x4  
  139  10:42  Roach  
  144  10:46  Hive  
  144  10:57  Hydralisk x7  
  158  11:31  Hydralisk x4, Roach x6  
  158  11:32  Hydralisk x2  
  182  11:35  Overlord  
  182  11:36  Overlord  
  182  11:46  Extractor  
  181  11:52  Hatchery  
  181  12:10  Roach  
  181  12:11  Roach x8  
  183  12:49  Hydralisk x2, Roach x6  
  183  12:50  Hydralisk x3  
  199  13:17  Extractor  
  199  13:19  Extractor  
  197  13:26  Roach  
  195  13:44  Hydralisk x2  
Show
View Real Time Build Order
Export as new Build Order

shengy Zerg 

Build Orders: Pool First 

Get SALT Encoding   

  12  0:01  Drone  
  13  0:10  Drone  
  14  0:17  Overlord  
  14  0:35  Drone x2  
  14  0:36  Drone  
  17  0:49  Drone  
  18  0:53  Spawning Pool  
  17  0:59  Drone  
  18  1:04  Extractor  
  18  1:08  Drone  
  18  1:28  Hatchery  
  18  1:29  Drone  
  18  1:43  Drone  
  18  1:44  Drone  
  20  1:52  Overlord  
  20  2:02  Queen  
  21  2:09  Zergling x2  
  21  2:13  Zergling x2  
  23  2:18  Spine Crawler  
  22  2:27  Zergling x2  
  23  2:34  Overlord  
  21  2:46  Zergling x4  
  21  2:47  Queen  
  25  2:52  Queen  
  27  3:05  Metabolic Boost  
  27  3:08  Drone x2  
  27  3:09  Baneling Nest  
  28  3:13  Drone x3  
  28  3:18  Drone  
  32  3:44  Zergling x4  
  32  3:45  Zergling x6  
  37  3:49  Overlord  
  37  3:56  Baneling x2  
  37  4:05  Overlord  
  37  4:07  Queen  
  39  4:10  Drone x2, Roach Warren  
  39  4:11  Extractor, Drone  
  40  4:30  Drone  
  40  4:31  Drone x2  
  43  4:38  Overlord  
  42  4:46  Evolution Chamber  
  41  4:52  Baneling  
  41  4:53  Baneling x2  
  41  4:55  Lair  
  41  5:07  Overlord  
  41  5:08  Roach x4  
  41  5:09  Roach  
  51  5:14  Drone x2  
  53  5:23  Zerg Ground Armor Level 1  
  47  5:59  Glial Reconstitution  
  47  6:05  Drone x7  
  47  6:10  Extractor x2  
  52  6:13  Ravager x2  
  52  6:17  Drone x5  
  59  6:36  Evolution Chamber  
  58  6:42  Queen  
  58  6:44  Drone x4  
  58  6:45  Drone  
  58  6:46  Drone  
  66  6:49  Roach  
  66  6:51  Overlord  
  66  6:52  Overlord  
  68  7:03  Overlord  
  68  7:09  Extractor  
  68  7:11  Hatchery  
  68  7:15  Extractor  
  65  7:31  Zerg Missile Weapons Level 1, Zerg Ground Armor Level 2  
  65  7:45  Hydralisk Den  
  65  7:46  Overlord x2  
  64  8:04  Overlord  
  64  8:06  Roach  
  64  8:07  Roach x11  
  64  8:09  Ravager  
  64  8:10  Ravager  
  90  8:46  Queen  
  90  8:48  Overlord  
  78  9:08  Roach x4  
  78  9:09  Roach x10  
  85  9:50  Hatchery, Zerg Missile Weapons Level 2  
  84  9:55  Drone x2  
  84  9:57  Drone  
  84  9:59  Hatchery, Drone  
  87  10:30  Infestation Pit  
  87  10:32  Muscular Augments  
  86  10:38  Hydralisk x4  
  86  10:40  Zergling x6  
  86  10:41  Roach  
  99  10:45  Ravager  
  99  10:48  Ravager x2  
  102  10:52  Overseer  
  102  11:00  Zergling x2  
  102  11:02  Zergling x2  
  104  11:07  Hive  
  104  11:20  Drone x2  
  104  11:21  Drone x3  
  104  11:22  Drone  
  110  11:28  Roach x2  
  114  11:33  Drone x2  
  114  11:35  Drone  
  117  11:43  Drone x2  
  117  11:44  Drone  
  117  11:45  Drone  
  121  12:06  Overlord x3  
  121  12:07  Overlord  
  119  12:18  Roach  
  119  12:19  Roach x4  
  119  12:21  Overlord  
  115  12:36  Roach  
  115  12:37  Roach x8  
  119  12:39  Overlord x2  
  104  13:02  Zergling x8  
  104  13:03  Zergling x6  
  111  13:22  Baneling x5  
  111  13:23  Baneling x5  
  111  13:29  Baneling x2  
  111  13:30  Baneling  
  111  13:31  Roach x3  
  111  13:32  Roach  
  112  13:47  Overlord x2  
  112  13:48  Overlord  
Tags
 
Add a new tag
Caveats
  • Supply blocks, unpowered buildings, or Contaminate may cause inaccurate times.
  • Supply counts are checked every 10 seconds.